 Dungeon Crawl Stone Soup version 0.21.0-24-g2553a33 (webtiles) character file.

42 Monsterracer the Shooter (level 3, -2/21 HPs)
             Began as a Tengu Arcane Marksman on Jan 21, 2018.
             Slain by an orc
             ... wielding a +0 trident
              (4 damage)
             ... on level 2 of the Dungeon.
             The game lasted 00:02:05 (835 turns).

Monsterracer the Shooter (Tengu Arcane Marksman)     Turns: 835, Time: 00:02:06

Health: -2/21      AC:  2    Str: 11    XL:     3   Next: 54%
Magic:  0/5        EV: 15    Int: 13    God:
Gold:   70         SH:  0    Dex: 14    Spells: 3/4 levels left

rFire    . . .     SeeInvis .   a - +0 shortbow
rCold    . . .     Gourm    .   (shield currently unavailable)
rNeg     . . .     Faith    .   e - +0 robe
rPois    .         Spirit   +   (helmet restricted)
rElec    .         Reflect  .   (no cloak)
rCorr    .         Harm     .   (no gloves)
MR       .....                  (boots unavailable)
Stlth    +.........             j - amulet of guardian spirit
HPRegen  0.07/turn              (no ring)
MPRegen  0.09/turn              (no ring)

@: flying quickly and evasively, quick
A: beak, talons 3
a: no special abilities


You were on level 2 of the Dungeon.
You were not hungry.

You visited 1 branch of the dungeon, and saw 2 of its levels.

You collected 70 gold pieces.

Inventory:

Hand Weapons
 a - a +0 shortbow (weapon)
 b - a +0 whip of venom
Missiles
 d - 33 arrows (quivered)
Armour
 e - a +0 robe (worn)
Jewellery
 j - an amulet of guardian spirit (around neck)
Scrolls
 g - a scroll of fear {unknown}
Potions
 i - a potion of might {unknown}
 l - a potion of mutation {unknown}
Books
 f - a book of Debilitation

   Spells                             Type                      Level
   a - Corona                         Hexes                        1
   b - Slow                           Hexes                        2
   c - Inner Flame                    Hexes/Fire                   3
   d - Portal Projectile              Hexes/Translocation          3
   e - Cause Fear                     Hexes                        4
   f - Leda's Liquefaction            Hexes/Earth                  4
Comestibles
 c - 3 rations


   Skills:
 + Level 1.7 Fighting
 * Level 3.4 Bows
 + Level 2.7 Dodging
 - Level 1.0 Spellcasting
 - Level 2.1 Hexes


You had 3 spell levels left.
You knew the following spells:

 Your Spells              Type           Power        Failure   Level  Hunger
a - Corona                Hex            #......      12%         1    ##.....


Dungeon Overview and Level Annotations

Branches:
Dungeon (2/15)

Altars:


Innate Abilities, Weirdness & Mutations

You have a beak for a mouth.
You have claws for feet.


Message History

You claw the dart slug.
The dart slug is heavily wounded.
The dart slug completely misses you.
You hit the dart slug.
You kill the dart slug!
The hobgoblin closely misses you.
You barely miss the hobgoblin. You peck the hobgoblin.
The hobgoblin is almost dead.
The hobgoblin barely misses you.
You closely miss the hobgoblin.
You claw the hobgoblin, but do no damage.
The hobgoblin is almost dead.
The hobgoblin hits you with a club.
You hit the hobgoblin but do no damage.
The hobgoblin is poisoned.
You peck the hobgoblin.
You kill the hobgoblin!
No target in view!
No target in view!
No target in view!
Things that are here:
a club; a hobgoblin corpse; MP restored: 5
c - 3 rations (gained 1)
You open the door.
An ooze comes into view.
The ooze quivers.
The ooze falls through a shaft!
The shaft crumbles and collapses.
There is an open door here.
You now have 70 gold pieces (gained 14).
l - a sedimented green potion A goblin comes into view.
It is wielding a club.
The helpless goblin fails to defend itself.
You hit the goblin.
The goblin is poisoned.
You claw the goblin.
You kill the goblin!
No target in view!
Drop what? 12/52 slots (_ for help) (? for menu, Esc to quit)
You drop a +0 spear.
You see here a club.
Done exploring.
Done exploring.
Done exploring.
No target in view!
No target in view!
No target in view!
Done exploring.
There is a stone staircase leading down here.
You climb downwards.
There is a stone staircase leading up here.
You open the door.
There is an open door here.
A bat comes into view.
The bat hits you but does no damage.
You closely miss the bat. The bat closely misses you. x2
You miss the bat. Your kick misses the bat. The bat closely misses you.
An orc comes into view. It is wielding a trident.
The bat closely misses you.
The orc shouts!
You hear a shout! x2
The bat hits you but does no damage. The bat closely misses you.
An orc comes into view. It is wielding a club.
The bat hits you. The bat closely misses you.
You take 1 damage, and have 20/21 hp.
You miss the bat. The bat barely misses you.
The bat hits you but does no damage. x2
You miss the bat. Your kick misses the bat.
The bat hits you but does no damage.
The orc hits you from afar with a trident.
You take 5 damage, and have 15/21 hp.
MASSIVE DAMAGE!!
You now have 4/5 mp.
You are too injured to fight recklessly!
You are too injured to fight recklessly!
You are too injured to fight recklessly!
You closely miss the bat. You claw the bat.
You kill the bat!
The orc hits you from afar with a trident.
You take 4 damage, and have 11/21 hp.
You now have 3/5 mp.
You see here a bat corpse.
You hit the orc.
The orc is poisoned.
The orc is severely wounded.
The orc misses you.
You hit the orc.
You kill the orc!
The orc hits you from afar with a trident.
* * * LOW HITPOINT WARNING * * *
You take 4 damage, and have 7/21 hp.
You now have 2/5 mp.
The orc hits you with a trident!
* * * LOW HITPOINT WARNING * * *
An orc comes into view. It is wielding a flail.
Things that are here:
a club; an orc corpse You take 6 damage, and have 1/21 hp.
MASSIVE DAMAGE!!
You now have 0/5 mp.
Your +0 whip of venom stops dripping with poison.
a - a +0 shortbow (weapon)
It was a potion of flight.
You feel very buoyant.
You swoop lightly up into the air.
The orc barely misses you.
Firing (i - inventory):
d - 34 arrows (quivered)
Press: ? - help, Shift-Dir - straight line, f - orc
Aim: an orc, wielding a trident and wearing a leather armour You shoot an arrow.
The arrow hits the orc.
The orc is lightly wounded.
The orc hits you with a trident.
You die...

#.# #.#
... ..#
#o# #.#
#o# #@#
#†# #.#
#.# #.#
#.# #.
#.# #.#
#######.#
#.#
#.......#


You could see 2 orcs.

Vanquished Creatures
  3 dart slugs (D:1)
  An orc (D:2)
  A ball python (D:1)
  5 giant cockroaches (D:1)
  4 hobgoblins (D:1)
  5 bats
  A frilled lizard (D:1)
  3 goblins (D:1)
  7 kobolds (D:1)
  3 rats (D:1)
33 creatures vanquished.

Notes
Turn   | Place    | Note
-------+----------+-------------------------------------------
     0 | D:1      | Monsterracer the Tengu Arcane Marksman began the quest for the Orb.
     0 | D:1      | Reached XP level 1. HP: 12/12 MP: 3/3
   105 | D:1      | Reached XP level 2. HP: 16/16 MP: 4/4
   268 | D:1      | Reached skill level 3 in Bows
   305 | D:1      | Reached XP level 3. HP: 15/20 MP: 5/5
   831 | D:2      | HP: 7/21 [orc/trident (4)]
   832 | D:2      | HP: 1/21 [orc/trident (6)]
   835 | D:2      | Slain by an orc

Skill      XL: |  1  2 |
---------------+-------+-----
Bows           | 3 |  3.4
Fighting       | |  1.7
Dodging        | |  2.7
Spellcasting   | |  1.0
Hexes          | |  2.1

Action                   || total
-------------------------++-------
Melee: Spear             ||    19
       Kick              ||    13
       Peck              ||     7
       Whip              ||    42
 Fire: Shortbow          ||    10
  Use: Potion            ||     1
 Stab: Sleeping          ||     3
Armor: Robe              ||    12
Dodge: Dodged            ||    51

Vault maps used:
D:1:      ncdulo_lavacross, serial_glass, glass_columns_b, glass_columns_b,
          glass_columns_c, glass_columns_a
D:2:      first_ration, chequers_ecumenical_altar_twisty, serial_bayou,
          serial_bayou_pond_a, serial_bayou_pond_a, serial_bayou_pond_d,
          serial_bayou_pond_e, uniq_terence
